 Dungeon Crawl Stone Soup version 0.29.1-15-g9cfb28693d (webtiles) character file.

Game seed: 12072173483726952940

989 javelincjr the Magician (level 8, 0/58 HPs)
             Began as a Djinni Conjurer on Mar 10, 2023.
             Constricted to death by Grinder (4 damage)
             ... while paralysed by Grinder
             ... on level 4 of the Dungeon.
             The game lasted 00:16:31 (6161 turns).

javelincjr the Magician (Djinni Conjurer)           Turns: 6161, Time: 00:16:32

Health: 0/58       AC:  5    Str:  8    XL:     8   Next: 41%
Gold:   193        EV: -1    Int: 20    God:
                   SH:  0    Dex: 12

rFire   + + +      SeeInvis .   t - +5 dagger (protect)
rCold   x x .      Faith    .   (no shield)
rNeg    . . .      Spirit   .   a - +0 robe
rPois   ∞          Reflect  .   c - +0 helmet
rElec   .          Harm     .   q - +0 cloak
rCorr   .          Rampage  .   u - +0 pair of gloves
Will    .....                   (boots unavailable)
Stlth   ++........              (no amulet)
HPRegen 0.19/turn               w - ring of fire
MPRegen 0.00/turn               (no ring)

@: paralysed, grasped by roots, flying, constricted
A: sickness immunity, fire resistance 2, cold vulnerability 1, float, innate
caster, HP casting, extra vitality 1
a: no special abilities


You were on level 4 of the Dungeon.
You visited 1 branch of the dungeon, and saw 4 of its levels.
You also visited: Ossuary.

You collected 193 gold pieces.

Inventory:

Hand Weapons
 o - a +1 scythe of venom
 p - a +2 quarterstaff of chaos
 t - a +5 dagger of protection (weapon)
 v - a +0 dagger of venom
 B - a +0 dire flail of holy wrath
Armour
 a - a +0 robe (worn)
 c - a +0 helmet (worn)
 i - +0 shadow dragon scales
 q - a +0 cloak (worn)
 u - a +0 pair of gloves (worn)
 x - the +1 ring mail of Shrieking Leaves {rPois rF+ rN+ Str-5}
   (You found it on level 3 of the Dungeon)

   Str:       It affects your strength (-5).
   rF:        It protects you from fire.
   rPois:     It protects you from poison.
   rN:        It protects you from negative energy.
Jewellery
 w - a ring of fire (left hand)
Wands
 r - a wand of roots (10)
 y - a wand of paralysis (10)
Scrolls
 d - a scroll of torment {unknown}
 f - 6 scrolls of identify {unknown}
 h - a scroll of amnesia {unknown}
 j - a scroll of immolation {unknown}
 l - a scroll of poison {unknown}
 n - a scroll of noise {unknown}
 s - a scroll of fog {unknown}
 A - a scroll of enchant armour {unknown}
 C - 5 scrolls of teleportation {unknown}
 D - 2 scrolls of magic mapping {unknown}
 H - a scroll of vulnerability {unknown}
Potions
 b - 4 potions of lignification
 e - 3 potions of heal wounds
 g - a potion of berserk rage {unknown}
 k - 2 potions of brilliance {unknown}
 m - 2 potions of curing {unknown}
 z - a potion of magic {unknown}
 E - a potion of flight {unknown}
 F - 2 potions of haste
 G - a potion of cancellation {unknown}


   Skills:
 * Level 4.4 Fighting
 + Level 3.0 Armour
 + Level 4.4 Dodging
 + Level 3.5 Stealth
 * Level 4.8 Spellcasting
 + Level 1.8 Evocations


You couldn't memorise any spells.
You knew the following spells:

 Your Spells              Type           Power      Damage    Failure   Level
a - Magic Dart            Conj           96%        1d7       1%          1
b - Searing Ray           Conj           48%        2d6       2%          2
c - Dazzling Flash        Conj/Hex       48%        N/A       4%          3
d - Fulminant Prism       Conj/Hex       12%        3d9       16%         4
e - Iskenderun's Mystic   Conj/Tloc      24%        2d7       16%         4
f - Beastly Appendage     Tmut           48%        N/A       1%          1
g - Scorch                Fire           72%        2d9       2%          2
h - Tukima's Dance        Hex            24%        N/A       4%          3
Your spell library was empty.

Dungeon Overview and Level Annotations

Branches:
Dungeon (4/15)            Ossuary (visited)
 Temple: D:4-7

Altars:
Ashenzari
Xom

Annotations:
D:4 Grinder


Innate Abilities, Weirdness & Mutations

You are immune to sickness and miasma.
You are immune to poison.
Your flesh is very heat resistant. (rF++)
You are vulnerable to cold. (rC-)
You float through the air rather than walking.
You learn spells naturally, not from books.
Your magical power is your life essence.
You have superior vitality. (+4 MHP)


Message History

Casting: Magic Dart (safe; 1% risk of failure)
Confirm with . or Enter, or press ? or * to list all spells.
You feel a surge of power!
Flames lash the orc.
You kill the orc!
You hear a shout!
Grinder comes into view.
She is carrying a wand of roots (2).
The magic dart hits Grinder but does no damage.
The magic dart hits Grinder.
Grinder is lightly wounded.
Grinder zaps a wand.
The roots erupt in riotous growth!
The grasping roots grab you! The grasping roots constrict you.
You hear a shout! x2
The magic dart hits Grinder.
Grinder is lightly wounded.
Grinder blinks!
The grasping roots constrict you!
The grasping roots release their grip on you.
Casting: Magic Dart (safe; 1% risk of failure)
Confirm with . or Enter, or press ? or * to list all spells.
You feel a surge of power!
Flames lash Grinder.
Grinder is heavily wounded.
Grinder's fire resistance burns away.
Grinder gestures at you. Pain shoots through your body!
Casting: Scorch (safe; 2% risk of failure)
Confirm with . or Enter, or press ? or * to list all spells.
You feel a surge of power!
Flames lash Grinder.
Grinder is burned terribly!
Grinder is severely wounded.
Grinder gestures at you.
You suddenly lose the ability to move!
Grinder zaps a wand.
The roots erupt in riotous growth!
The grasping roots grab you!
The now-empty wand crumbles to dust.
The grasping roots constrict you.
Grinder blinks!
The grasping roots constrict you!
* * * LOW HITPOINT WARNING * * *
Grinder gestures at you. Pain shoots through your body!
* * * LOW HITPOINT WARNING * * *
The grasping roots constrict you.
You die...

.............# #.
#..###..###.# #. #
#..#....#...## #.
...###..###..###..####.
#[..................#.
...###5.###..###.......
#....# #..#.....###.
#.###..#.#..###...# #.
#....@............###.
#.###$.###..###.......
#§...#... #..###..
#).###..###..# #.# ....
....###.# #.###
#.#.....8 #.# #....#...
.!# #..8.. ###...


You could see Grinder (combustible).

Vanquished Creatures
  Sigmund (D:2)
  Edmund (D:4)
  3 water moccasin zombies (Ossuary)
  The ghost of AverageBear the Trooper, a weakling DsFi (D:3)
  A jelly (D:4)
  A water moccasin simulacrum (D:3)
  Crazy Yiuf (D:2)
  A hound (D:4)
  Jessica (D:3)
  An orc wizard (D:4)
  2 scorpion simulacra (D:3)
  2 mummies (Ossuary)
  Robin (D:3)
  8 adders
  7 gnolls (D:2)
  A white imp (D:3)
  An ufetubus (D:4)
  6 adder zombies (Ossuary)
  A worm (D:3)
  2 dart slugs
  An adder simulacrum (D:3)
  5 orcs (D:4)
  3 ball pythons
  2 bats
  8 endoplasms
  A giant cockroach (D:2)
  6 gnoll zombies (Ossuary)
  14 goblins
  10 hobgoblins
  6 kobolds
  2 quokkas (D:1)
  4 frilled lizards (D:1)
  5 hobgoblin zombies (Ossuary)
  3 kobold zombies (Ossuary)
  6 orc zombies (Ossuary)
  6 rats
125 creatures vanquished.

Vanquished Creatures (collateral kills)
  An orc (D:4)
1 creature vanquished.

Vanquished Creatures (others)
  7 fulminant prisms
  4 fungi (D:2)
11 creatures vanquished.

Grand Total: 137 creatures vanquished

Notes
Turn   | Place    | Note
-------+----------+-------------------------------------------
     0 | D:1      | javelincjr the Djinni Conjurer began the quest for the Orb.
     0 | D:1      | javelincjr set off with the following spells memorised:
                  | Magic Dart, Searing Ray, Dazzling Flash, Fulminant Prism,
                  | Iskenderun's Mystic Blast.
     0 | D:1      | Reached XP level 1. HP: 15/15 MP: 0/0
   273 | D:1      | Reached XP level 2. HP: 17/21 MP: 0/0
   445 | D:1      | Found a faded altar of an unknown god.
   887 | D:1      | Reached XP level 3. HP: 22/25 MP: 0/0
   887 | D:1      | Learned a level 1 spell: Beastly Appendage
  1760 | D:2      | Reached XP level 4. HP: 26/31 MP: 0/0
  2013 | D:2      | Reached skill level 1 in Fighting
  2330 | D:2      | Reached skill level 1 in Armour
  2363 | D:2      | Reached XP level 5. HP: 28/37 MP: 0/0
  2363 | D:2      | Learned a level 2 spell: Scorch
  2749 | D:2      | Noticed Sigmund
  2755 | D:2      | Killed Sigmund
  2756 | D:2      | Reached XP level 6. HP: 34/45 MP: 0/0
  3016 | D:2      | Found a runed translucent door.
  3017 | D:2      | Noticed Crazy Yiuf
  3023 | D:2      | Killed Crazy Yiuf
  3386 | D:3      | Found a runed translucent gate.
  3387 | D:3      | Found a runed translucent gate.
  3388 | D:3      | Found a runed translucent gate.
  3406 | D:3      | Noticed Robin
  3414 | D:3      | Killed Robin
  3629 | D:3      | Noticed AverageBear's ghost (weakling DsFi)
  3663 | D:3      | Found a shimmering altar of Xom.
  3798 | D:3      | Reached XP level 7. HP: 47/50 MP: 0/0
  3798 | D:3      | Learned a level 3 spell: Tukima's Dance
  3883 | D:3      | Noticed Jessica
  3888 | D:3      | Killed Jessica
  3950 | D:3      | Found a broken altar of Ashenzari.
  4284 | D:3      | HP: 1/50 [AverageBear's ghost (8)]
  4291 | D:3      | Killed AverageBear's ghost
  4572 | D:3      | Identified the +1 ring mail of Shrieking Leaves {rPois rF+
                  | rN+ Str-5}
  4663 | D:4      | Noticed Edmund
  4767 | D:4      | Killed Edmund
  4768 | D:4      | Reached skill level 1 in Evocations
  4828 | D:4      | Reached XP level 8. HP: 31/58 MP: 0/0
  4905 | D:4      | Found a sand-covered staircase.
  4918 | Ossuary  | Entered an ossuary
  6153 | D:4      | Noticed Grinder
  6158 | D:4      | Paralysed by Grinder for 4 turns
  6161 | D:4      | Constricted to death by Grinder

Illustrated notes

Levels and vault maps discovered:
D:1:      dpeg_chamrin_arrival_tetris, layout_basic, basic_ecumenical_altar,
          nicolae_figureground_sparkle
D:2:      layout_loops_corners, chequers_serial_rivers_small_a,
          grunt_decor_mini_mirrors, moated_statue, uniq_sigmund,
          uniq_crazy_yiuf_cottage
D:3:      layout_loops_ring, ashenzari_conservatory_becter,
          mainiacjoe_overflow_surrounded_room, gammafunk_ghost_icy,
          amcnicky_mini_rare_corridor_liquid, uniq_jessica, uniq_robin
D:4:      layout_loops_ring, nicolae_ossuary_entry_monument,
          minmay_misc_feat_nine_boxes, kennysheep_decorative_pillar,
          uniq_grinder, uniq_edmund

Skill      XL: |  1  2  3  4  5  6  7  8 |
---------------+-------------------------+-----
Stealth        | 2 3 |  3.5
Fighting       | 1 2 3 4 |  4.4
Dodging        | 3 4 |  4.4
Armour         | 1 2 3 |  3.0
Spellcasting   | 4 |  4.8
Evocations     | 1 |  1.8

Action                   |  1- 3 |  4- 6 |  7- 9 || total
-------------------------+-------+-------+-------++-------
Melee: Halberd           |       |     6 |       ||     6
       Dagger            |       |       |     4 ||     4
 Cast: Magic Dart        |    65 |    65 |    51 ||   181
       Searing Ray       |       |     4 |     5 ||     9
       Fulminant Prism   |       |     4 |     3 ||     7
       Scorch            |       |     4 |    73 ||    77
       Iskenderun's Myst |       |     1 |     1 ||     2
       Tukima's Dance    |       |       |     3 ||     3
  Use: Potion            |       |       |     2 ||     2
Armor: Robe              |     2 |     1 |    10 ||    13
       Skin              |       |       |     6 ||     6
Dodge: Dodged            |    12 |    12 |    25 ||    49
